 Dungeon Crawl Stone Soup version 0.26-a0-859-gf57989e088 (webtiles) character file.

Game seed: 3182132471358861464

18368 Morbidden the Martial Artist (level 12, -2/123 HPs)
             Began as a Grey Draconian Transmuter on Nov 25, 2020.
             Was a High Priest of Cheibriados.
             Slain by an eight-headed hydra (10 damage)
             ... on level 1 of the Lair of Beasts.
             The game lasted 00:27:40 (14466 turns).

Morbidden the Martial Artist (DrTm)                Turns: 14466, Time: 00:27:40

Health: -2/123     AC:  7    Str: 24    XL:     12   Next: 27%
Magic:  11/23      EV: 13    Int: 29    God:    Cheibriados [*****.]
Gold:   86         SH:  0    Dex: 26    Spells: 17/25 levels left

rFire    x . .     SeeInvis .     - Unarmed
rCold    + + +     Faith    .   (shield currently unavailable)
rNeg     . . .     Spirit   .   (armour unavailable)
rPois    +         Reflect  +   (helmet currently unavailable)
rElec    .         Harm     .   (cloak currently unavailable)
rCorr    .         Rampage  .   (gloves currently unavailable)
MR       .....                  (boots currently unavailable)
Stlth    +++.......             m - amulet of reflection
HPRegen  0.30/turn              a - +4 ring of slaying
MPRegen  0.18/turn              H - +4 ring of evasion

@: ice-form, petrifying (expiring), very slow
A: large, (walk through water), unfitting armour, AC +13
a: End Transformation, Bend Time, Temporal Distortion, Slouch, Step From Time,
Renounce Religion


You were on level 1 of the Lair of Beasts.
You worshipped Cheibriados.
Cheibriados was extremely pleased with you.
You were a creature of crystalline ice.
You visited 2 branches of the dungeon, and saw 12 of its levels.
You visited 1 bazaar.
You also visited: Ossuary.

You collected 805 gold pieces.
You spent 719 gold pieces at shops.

Inventory:

Missiles
 l - 22 boomerangs
 v - 229 stones
 x - a throwing net
 I - 19 poisoned darts (quivered)
Armour
 h - a +0 pair of boots (melded)
 o - a +0 cloak (melded)
 O - a +2 pair of gloves of strength (melded)
Jewellery
 a - a +4 ring of slaying (left front paw)
 f - an uncursed amulet of magic regeneration
 m - an amulet of reflection (around neck)
 n - an uncursed ring of positive energy
 E - an uncursed ring of poison resistance
 H - a +4 ring of evasion (right front paw)
Wands
 k - a wand of paralysis (5)
 s - a wand of disintegration (26)
 y - a wand of acid (3)
 K - a wand of enslavement (10)
 N - a wand of flame (22)
Scrolls
 c - 10 scrolls of identify
 d - 5 scrolls of enchant weapon
 i - 6 scrolls of remove curse
 j - 3 scrolls of enchant armour
 p - 5 scrolls of magic mapping
 q - 8 scrolls of teleportation {unknown}
 A - 2 scrolls of blinking
 D - 2 scrolls of brand weapon {unknown}
 F - a scroll of amnesia {unknown}
 L - a scroll of noise {unknown}
 M - a scroll of fear {unknown}
 P - a scroll of immolation {unknown}
Potions
 b - a potion of ambrosia {unknown}
 e - 2 potions of heal wounds
 g - 2 potions of haste
 r - 3 potions of might {unknown}
 t - 2 potions of flight {unknown}
 u - 6 potions of curing
 w - a potion of lignification {unknown}
 z - a potion of invisibility
 B - a potion of magic {unknown}
 C - a potion of attraction {unknown}
 G - 2 potions of cancellation {unknown}
 J - 4 potions of degeneration {unknown}


   Skills:
 * Level 8.3 Fighting
 + Level 1.8 Throwing
 + Level 8.3 Dodging
 + Level 4.3 Stealth
 + Level 3.1 Shields
 + Level 9.7 Unarmed Combat
 * Level 7.4 Spellcasting
 * Level 6.3 Transmutations
 - Level 3.0 Ice Magic
 - Level 3.0 Poison Magic
 * Level 7.2 Invocations
 + Level 0.2 Evocations


You had 17 spell levels left.
You knew the following spells:

 Your Spells              Type           Power        Failure   Level
a - Beastly Appendage     Tmut           #####.       1%          1
b - Spider Form           Tmut/Pois      #####.....   2%          3
c - Ice Form              Ice/Tmut       #####...     7%          4

Your spell library contained the following spells:

 Spells                   Type           Power        Failure   Level
 Wereblood                Tmut           #####...     1%          2
 Corona                   Hex            ##.....      4%          1
 Ensorcelled Hibernation  Hex/Ice        ###...       4%          2
 Blade Hands              Tmut           #####.....   10%         5
 Petrify                  Tmut/Erth      ####....     13%         4
 Confusing Touch          Hex            ##......     14%         3
 Dazzling Flash           Conj/Hex       ##....       14%         3
 Gell's Gravitas          Tloc           ##........   14%         3
 Tukima's Dance           Hex            ##......     14%         3
 Irradiate                Conj/Tmut      ####......   36%         5
 Yara's Violent Unravell  Hex/Tmut       ####......   36%         5
 Cause Fear               Hex            ##........   43%         4
 Hydra Form               Tmut           #####.....   50%         6
 Metabolic Englaciation   Hex/Ice        ###.......   58%         5
 Bolt of Magma            Conj/Fire/Erth ##........   80%         5
 Iskenderun's Battlesphe  Conj           ##......     80%         5
 Silence                  Hex/Air        ##........   80%         5
 Statue Form              Tmut/Erth      ####.....    90%         6
 Dragon Form              Tmut           #####.....   97%         7
 Iron Shot                Conj/Erth      ##........   100%        6
 Orb of Destruction       Conj           ##........   100%        7
 Spellforged Servitor     Conj/Summ      ##........   100%        7
 Discord                  Hex            ##........   100%        8


Dungeon Overview and Level Annotations

Branches:
Dungeon (11/15)            Temple (0/1) D:7            Lair (1/6) D:11
Ossuary (visited)
    Orc: D:9-12

Altars:
Cheibriados
Fedhas
Gozag
Makhleb
Nemelex Xobeh
Qazlal
Trog
Yredelemnul
Zin
The Shining One

Shops:
D:6 *   D:7 *


Innate Abilities, Weirdness & Mutations

((You can walk through water.))
((Your dull iron-grey scales are very hard. (AC +13)))
You cannot fit into any form of body armour.
((You can survive without breathing.))
((You are cold-blooded and may be slowed by cold attacks.))


Message History

The eight-headed hydra closely misses you.
The eight-headed hydra bites you!
* * * LOW HITPOINT WARNING * * *
The eight-headed hydra bites you!
* * * LOW HITPOINT WARNING * * *
The eight-headed hydra bites you!
* * * LOW HITPOINT WARNING * * *
The eight-headed hydra bites you.
Your limbs are stiffening.
Unknown command.
Unknown command.
Unknown command.
Unknown command.
Unknown command.
Unknown command.
Unknown command.
Okay, then.
Evoke which item? (* to show all) (? for menu, Esc to quit)
Okay, then.
You fail to use your ability.
The eight-headed hydra bites you!
You die...

.... #..#..##.. .#
#......#....####
.#...... #.#..# ....##.
#.#..# ...... ..#..#
#..## ####.## ##.# #..#
#.D# ### #.## ##Y#
##.###.###..
####.#.#####...##......
..............#....##.#.
######.#.####...#### #
###.. #P......... #.##
########### ..# P## ##


You could see an eight-headed hydra (slow).

Vanquished Creatures
  A hydra (D:11)
  6 two-headed ogres
  A deep elf mage (D:9)
  A manticore (D:11)
  Psyche (D:11)
  A cane toad (Lair:1)
  A gargoyle (D:11)
  2 komodo dragons
  A slime creature (D:6)
  3 trolls
  3 blink frogs (Lair:1)
  A vampire (D:9)
  A shadow (D:11)
  2 yaks (D:11)
  2 wyverns
  2 basilisks (Lair:1)
  Eustachio (D:4)
  2 steam dragons
  A warg (Lair:1)
  3 water moccasins
  5 orc warriors
  Duvessa (D:5)
  6 black bears (D:11)
  3 eyes of draining
  2 sky beasts
  7 ogres
  3 phantoms
  5 centaurs
  13 wolves (Lair:1)
  3 big kobolds
  Blork the orc (D:5)
  10 bullfrogs
  Dowan (D:5)
  2 water moccasin zombies (Ossuary)
  A gnoll sergeant (D:6)
  A wyvern skeleton (D:10)
  2 scorpions
  20 wights
  3 howler monkeys
  A centaur zombie (D:11)
  2 bullfrog zombies
  7 hounds
  4 orc priests
  12 orc wizards
  A quasit (D:9)
  2 centaur skeletons (D:10)
  12 jellies
  A bullfrog skeleton (D:5)
  Ijyb (D:4)
  An iguana (D:5)
  15 worker ants
  2 big kobold zombies (Ossuary)
  A hound zombie (D:6)
  A hound skeleton (D:5)
  2 mummies (Ossuary)
  A worker ant zombie (D:8)
  9 gnolls
  11 adders
  A shadow imp (D:9)
  3 white imps
  2 ufetubi (D:7)
  15 oozes (D:6)
  2 adder skeletons
  6 adder zombies (Ossuary)
  3 worms
  8 leopard geckos
  53 orcs
  4 giant cockroaches
  4 goblins
  5 hobgoblins
  17 jackals
  32 kobolds
  4 quokkas
  2 ball pythons
  4 bats
  4 frilled lizards
  4 gnoll zombies
  7 hobgoblin zombies (Ossuary)
  A jackal skeleton (D:7)
  3 jackal zombies
  3 kobold zombies (Ossuary)
  A leopard gecko skeleton (D:5)
  A leopard gecko zombie (D:6)
  An orc zombie (Ossuary)
  A quokka skeleton (D:7)
  7 rats
409 creatures vanquished.

Vanquished Creatures (others)
  2 orc wizards
  2 orcs
  A kobold (D:3)
  60 fungi
  57 plants
122 creatures vanquished.

Grand Total: 531 creatures vanquished

Notes
Turn   | Place    | Note
-------+----------+-------------------------------------------
     0 | D:1      | Morbidden the Draconian Transmuter began the quest for the
                  | Orb.
     0 | D:1      | Reached XP level 1. HP: 16/16 MP: 3/3
     2 | D:1      | Noticed a naga
     4 | D:1      | Noticed a merfolk
     4 | D:1      | Noticed a spriggan
     6 | D:1      | Noticed a felid
     6 | D:1      | Noticed a vine stalker
     8 | D:1      | Noticed a vampire
     8 | D:1      | Noticed a demigod
    10 | D:1      | Noticed a tengu
    12 | D:1      | Noticed a troll
    12 | D:1      | Noticed a gargoyle
    14 | D:1      | Noticed a formicid
    14 | D:1      | Noticed a human
    16 | D:1      | Noticed a centaur
    16 | D:1      | Noticed an octopode
    18 | D:1      | Noticed an ogre
    18 | D:1      | Noticed a ghoul
    20 | D:1      | Noticed a halfling
    20 | D:1      | Noticed a minotaur
    23 | D:1      | Noticed a dwarf
    23 | D:1      | Noticed an elf
    25 | D:1      | Noticed a demonspawn
    27 | D:1      | Noticed a draconian
   299 | D:1      | Reached XP level 2. HP: 23/23 MP: 3/5
   755 | D:2      | Found a glowing golden altar of the Shining One.
   809 | D:2      | Reached XP level 3. HP: 20/28 MP: 6/6
  1059 | D:2      | Reached XP level 4. HP: 22/35 MP: 8/8
  1285 | D:2      | You fall into a shaft and drop 2 floors!
  1293 | D:4      | Noticed Ijyb
  1311 | D:4      | Killed Ijyb
  1341 | D:4      | Found an opulent altar of Gozag.
  1440 | D:4      | Noticed an ogre
  1479 | D:3      | Reached XP level 5. HP: 16/41 MP: 7/10
  2109 | D:2      | Reached skill level 4 in Unarmed Combat
  2282 | D:3      | Learned a level 3 spell: Spider Form
  2484 | D:3      | Found a sparkling altar of Nemelex Xobeh.
  2556 | D:3      | Reached XP level 6. HP: 50/50 MP: 9/11
  2584 | D:3      | Found a blossoming altar of Fedhas.
  2596 | D:3      | Found a stormy altar of Qazlal.
  2615 | D:3      | Reached skill level 1 in Stealth
  2999 | D:4      | Reached skill level 1 in Poison Magic
  3099 | D:4      | Noticed Eustachio
  3148 | D:4      | Killed Eustachio
  3149 | D:4      | Your scales start taking on a dull iron-grey colour.
  3149 | D:4      | Reached XP level 7. HP: 37/56 MP: 13/13
  3149 | D:4      | Gained mutation: You can survive without breathing. [Grey
                  | Draconian growth]
  3304 | D:4      | Found a basalt altar of Yredelemnul.
  3441 | D:4      | Found a snail-covered altar of Cheibriados.
  3450 | D:4      | Became a worshipper of Cheibriados the Contemplative
  3474 | D:4      | Reached skill level 5 in Unarmed Combat
  3487 | D:4      | Found a burning altar of Makhleb.
  3574 | D:5      | Entered Level 5 of the Dungeon
  3582 | D:5      | Noticed Duvessa
  3582 | D:5      | Noticed Dowan
  3593 | D:5      | Killed Duvessa
  3601 | D:5      | Killed Dowan
  3810 | D:5      | Reached skill level 1 in Invocations
  3821 | D:5      | Noticed Blork the orc
  3829 | D:5      | Killed Blork the orc
  3998 | D:5      | Reached XP level 8. HP: 60/63 MP: 15/15
  4014 | D:5      | Reached * piety under Cheibriados
  5098 | D:6      | Reached skill level 1 in Shields
  5098 | D:6      | Reached skill level 5 in Spellcasting
  5106 | D:6      | Reached ** piety under Cheibriados
  5281 | D:6      | Reached skill level 1 in Throwing
  5496 | D:6      | Reached skill level 6 in Unarmed Combat
  5500 | D:6      | Found Lyxost's Elemental Accessories.
  5614 | D:6      | Noticed a slime creature
  5631 | D:6      | Killed a slime creature
  5632 | D:6      | Reached XP level 9. HP: 50/72 MP: 16/16
  5978 | D:6      | Reached skill level 5 in Fighting
  6150 | D:6      | Noticed a two-headed ogre
  6160 | D:6      | Reached *** piety under Cheibriados
  6316 | D:7      | Found a sand-covered staircase.
  6320 | Ossuary  | Entered an ossuary
  6355 | Ossuary  | Reached skill level 5 in Dodging
  6420 | Ossuary  | Learned a level 4 spell: Ice Form
  6650 | D:7      | Found a bloodstained altar of Trog.
  6755 | D:7      | Found a staircase to the Ecumenical Temple.
  6881 | D:7      | Reached skill level 7 in Unarmed Combat
  6881 | D:7      | Reached skill level 1 in Ice Magic
  6884 | D:7      | Reached **** piety under Cheibriados
  7080 | D:7      | Found Aratroul's Assorted Antiques.
  7085 | D:7      | Bought a pair of runed boots for 217 gold pieces
  7095 | D:7      | Identified a +2 pair of boots of running (You bought it in
                  | a shop on level 7 of the Dungeon)
  7404 | D:7      | Found a glowing silver altar of Zin.
  7597 | D:8      | Noticed a two-headed ogre
  8065 | D:7      | Killed a two-headed ogre
  8066 | D:7      | Reached XP level 10. HP: 40/83 MP: 16/18
  8970 | D:8      | Reached ***** piety under Cheibriados
  9841 | D:9      | Noticed a two-headed ogre
  9855 | D:9      | Killed a two-headed ogre
 10294 | D:9      | Reached skill level 5 in Invocations
 10587 | D:9      | Noticed a deep elf mage
 10593 | D:9      | Killed a deep elf mage
 10594 | D:9      | Reached skill level 8 in Unarmed Combat
 10594 | D:9      | Reached skill level 5 in Transmutations
 10810 | D:10     | Entered Level 10 of the Dungeon
 10942 | D:10     | Noticed a two-headed ogre
 10960 | D:10     | Killed a two-headed ogre
 11159 | D:10     | Reached XP level 11. HP: 84/91 MP: 20/20
 11683 | D:10     | Found a sparkling altar of Nemelex Xobeh.
 11961 | D:11     | Noticed a two-headed ogre
 11979 | D:10     | Killed a two-headed ogre
 11982 | D:10     | Reached ****** piety under Cheibriados
 12960 | D:11     | Reached skill level 9 in Unarmed Combat
 13014 | D:11     | Noticed Psyche
 13021 | D:11     | Killed Psyche
 13167 | D:11     | Noticed a six-headed hydra
 13179 | D:11     | Killed a six-headed hydra
 13362 | D:11     | Found a staircase to the Lair.
 13363 | D:11     | Noticed a two-headed ogre
 13368 | D:11     | Noticed a two-headed ogre
 13371 | D:11     | Killed a two-headed ogre
 13371 | D:11     | Killed a two-headed ogre
 13381 | D:11     | Reached XP level 12. HP: 86/101 MP: 6/23
 13536 | D:11     | Found a gateway to a bazaar.
 13561 | Bazaar   | Entered a bazaar
 13564 | Bazaar   | Found Baim Ekh's Book Shop.
 13577 | Bazaar   | Found Nutait's Magic Scroll Shop.
 13626 | Bazaar   | Found Enecaot's Antique Armour Shop.
 13626 | Bazaar   | Found Jyem's Armour Boutique.
 13638 | Bazaar   | Bought a +2 pair of gloves of strength for 322 gold pieces
 13658 | Bazaar   | Bought a scroll of blinking for 90 gold pieces
 13658 | Bazaar   | Bought a scroll of enchant armour for 90 gold pieces
 13956 | Lair:1   | Entered Level 1 of the Lair of Beasts
 14455 | Lair:1   | Noticed an eight-headed hydra
 14466 | Lair:1   | Slain by an eight-headed hydra

Illustrated notes

Levels and vault maps discovered:
D:1:      kb_arrival_jail, layout_rooms, minivault_19
D:2:      layout_basic, lemuel_crystal_altar, minmay_crystal_room
D:3:      layout_rooms, nicolae_overflow_crystal_walls,
          nicolae_overflow_hidden_temple, grunt_qazlal_clouds, serial_bayou,
          serial_bayou_crossing, serial_bayou_shore_a, serial_bayou_pond_b,
          serial_bayou_pond_b, solitary_fountain
D:4:      layout_rooms, grunt_gozag_breadcrumbs, lemuel_round_altar,
          lemuel_coloured_pillars_altar, lemuel_zombie_altar_yredelemnul,
          uniq_ijyb, uniq_eustachio
D:5:      layout_basic, uniq_duvessa, uniq_blork_the_orc
D:6:      lemuel_slime, layout_cave_pools, nicolae_elemental_shop,
          minmay_joined_circles
D:7:      layout_basic, trog_eyes_of_draining, kennysheep_little_box,
          minmay_temple_entry_drinking_statues, nicolae_ossuary_entry_plus,
          serial_shops, shop
D:8:      layout_cave_pods, kennysheep_generic_room_11
D:9:      layout_basic
D:10:     layout_roguey, basic_altar
D:11:     layout_big_octagon, due_lair_maze_entry_diamond, serial_shops,
          bzr_entry_customers, uniq_psyche
Lair:1:   beast_lair_carwin_large_3, layout_loops_ring, grunt_megastairs_5

Skill      XL: |  1  2  3  4  5  6  7  8  9 10 11 12 |
---------------+-------------------------------------+-----
Dodging        | 2 3 4 5 6 8 |  8.3
Spellcasting   | 3 4 5 6 7 |  7.4
Fighting       | 2 3 4 5 6 7 8 |  8.3
Unarmed Combat | 4 5 6 7 8 9 |  9.7
Stealth        | 1 2 3 4 |  4.3
Transmutations | 3 4 5 6 |  6.3
Poison Magic   | 2 3 |  3.0
Invocations    | 1 3 4 5 6 7 |  7.2
Shields        | 1 2 3 |  3.1
Throwing       | 1 |  1.8
Ice Magic      | 1 3 |  3.0
Evocations     | |  0.2

Action                   |  1- 3 |  4- 6 |  7- 9 | 10-12 || total
-------------------------+-------+-------+-------+-------++-------
Melee: Unarmed           |    62 |   123 |   408 |   389 ||   982
       Headbutt          |     8 |    13 |    41 |    33 ||    95
       Kick              |     6 |    24 |    75 |    62 ||   167
       Tailslap          |     4 |     7 |    56 |    65 ||   132
       Punch             |       |       |    15 |    18 ||    33
Throw: Boomerang         |       |     3 |     4 |       ||     7
       Stone             |       |       |    36 |    22 ||    58
       Dart              |       |       |       |     3 ||     3
 Cast: Beastly Appendage |    15 |    20 |    28 |    28 ||    91
       Spider Form       |       |       |     4 |    12 ||    16
       Ice Form          |       |       |       |     2 ||     2
Invok: Slouch            |       |       |       |     6 ||     6
Evoke: Wand              |       |       |     1 |     1 ||     2
  Use: Scroll            |     2 |     1 |     6 |     1 ||    10
       Potion            |       |       |     1 |     1 ||     2
 Stab: Sleeping          |       |     1 |     6 |    11 ||    18
       Distracted        |       |       |       |     3 ||     3
Armor: Skin              |    19 |    28 |   128 |   100 ||   275
Dodge: Dodged            |    53 |    73 |   265 |   413 ||   804
Block: Other             |       |     8 |    85 |   122 ||   215
       Reflection        |       |     2 |     5 |     4 ||    11

Table legend: (Time is in decaauts)
 A = Elapsed time spent in this place.
 B = Non-inter-level travel time spent in this place.
 C = Inter-level travel time spent in this place.
 D = Time resting spent in this place.
 E = Time spent auto-exploring this place.
 F = Levels seen in this place.
 G = Mean time per level.
                   A        B        C        D        E       F      G
               +--------+--------+--------+--------+--------+-----+--------+
         Total |  17902 |  16973 |    929 |   2474 |  11241 |  14 | 1278.7 |
       Dungeon |  16765 |  15836 |    929 |   2474 |  10414 |  11 | 1524.1 |
          Lair |    612 |    612 |      0 |      0 |    466 |   1 |  612.0 |
        Bazaar |    216 |    216 |      0 |      0 |    144 |   1 |  216.0 |
       Ossuary |    308 |    308 |      0 |      0 |    217 |   1 |  308.0 |
               +--------+--------+--------+--------+--------+-----+--------+

Top non-repeatable levels by time:
     D:7: 2363 daAuts
    D:10: 2281 daAuts
     D:8: 1951 daAuts
    D:11: 1816 daAuts
     D:9: 1658 daAuts
     D:6: 1605 daAuts
     D:5: 1468 daAuts
     D:3: 1167 daAuts
     D:2: 1120 daAuts
     D:4: 803 daAuts
  Lair:1: 612 daAuts
     D:1: 529 daAuts
 Ossuary: 308 daAuts
  Bazaar: 216 daAuts
